 Dungeon Crawl Stone Soup version 0.30.1-11-g7821555f0a (webtiles) character file.

Game seed: 6916825790687253730

257 Okkudo the Chopper (level 6, -2/52 HPs)
             Began as a Hill Orc Monk on Nov 29, 2023.
             Splashed by a jelly's acid (7 damage)
             ... on level 4 of the Dungeon on Nov 30, 2023.
             The game lasted 00:07:46 (2370 turns).

Okkudo the Chopper (Hill Orc Monk)                  Turns: 2370, Time: 00:07:49

Health: -2/52      AC:  3    Str: 16    XL:     6   Next: 16%
Magic:  6/6        EV:  5    Int: 10    God:
Gold:   141        SH:  0    Dex: 13    Spells: 5/5 levels left

rFire   . . .        a - +1 hand axe
rCold   . . .        d - orb {light}
rNeg    . . .        o - +0 plate armour
rPois   +            (no helmet)
rElec   .            (no cloak)
rCorr   .            (no gloves)
SInv    .            (no boots)
Will    .....        (no amulet) Stlth
                     s - ring of poison resistance
HPRegen 0.28/turn    (no ring)
MPRegen 0.10/turn

%: no passive effects
@: corroded, glowing
A: no striking features
a: no special abilities


You were on level 4 of the Dungeon.
You visited 1 branch of the dungeon, and saw 4 of its levels.

You collected 141 gold pieces.

Inventory:

Hand Weapons
 a - a +1 hand axe (weapon)
Armour
 d - an orb of light (worn)
 o - a +0 plate armour (worn)
Jewellery
 s - a ring of poison resistance (left hand)
Wands
 t - a wand of flame (5)
Scrolls
 b - a scroll of torment {unknown}
 e - a scroll of noise {unknown}
 h - a scroll of enchant armour {unknown}
 j - a scroll of identify {unknown}
 k - a scroll of amnesia
 m - a scroll of magic mapping {unknown}
 n - 3 scrolls of enchant weapon
 q - a scroll of fear {unknown}
 r - a scroll of vulnerability {unknown}
Potions
 c - a potion of ambrosia
 f - a potion of might {unknown}
 g - a potion of curing {unknown}
 i - a potion of lignification {unknown}
 p - a potion of attraction {unknown}


   Skills:
 - Level 3.7 Fighting
 * Level 7.8 Axes
 + Level 2.8 Armour
 - Level 2.5 Dodging


You had 5 spell levels left.
You didn't know any spells.
Your spell library contained the following spells:

 Spells                   Type           Power      Damage    Failure   Level
 Call Canine Familiar     Summ           0%         N/A       100%        3
 Portal Projectile        Hex/Tloc       0%         N/A       100%        3
 Tukima's Dance           Hex            0%         N/A       100%        3
 Leda's Liquefaction      Hex/Erth       0%         N/A       100%        4
 Passage of Golubria      Tloc           0%         N/A       100%        4
 Yara's Violent Unravell  Hex/Tmut       0%         3d3       100%        5


Dungeon Overview and Level Annotations

Branches:
Dungeon (4/15)
 Temple: D:4-7

Altars:
Elyvilon


Message History

You hit the hound.
The hound is almost dead.
The hound bites you.
* * * LOW HITPOINT WARNING * * *
You hit the hound.
You kill the hound!
You see here a hound corpse.
You start resting.
You are no longer corroded.
You start resting.
Your extra speed is starting to run out.
You start resting.
You feel yourself slow down.
You start resting.
HP restored.
You see here 3 stones.
There is a stone staircase leading down here.
You climb downwards.
The jelly hits you. The acid corrodes you!
You are splashed with acid!
There is a stone staircase leading up here.
The jelly barely misses you. The jelly attacks as you move away!
The jelly hits you but does no damage. The jelly closely misses you.
You slash the jelly! The acid corrodes you!
Your hands burn!
The jelly is heavily wounded.
The jelly hits you.
You are splashed with acid!
You hit the jelly.
Your hands burn!
The jelly is heavily wounded.
The jelly hits you but does no damage.
You hit the jelly but do no damage.
Your hands burn!
The jelly is heavily wounded.
The jelly hits you. The acid corrodes you!
You are splashed with acid!
* * * LOW HITPOINT WARNING * * *
You hit the jelly.
Your hands burn!
* * * LOW HITPOINT WARNING * * *
The jelly is severely wounded.
The jelly hits you.
* * * LOW HITPOINT WARNING * * *
You are splashed with acid!
You die...

##### #...# #...# #...#
........## #######...#
.........# #....@Jo..#
.........##..#####o..#
.......#....######..<#######
.......<#...##..............
...........##......o........
.>.........#.....(..÷..........
............†..................
........####[..................
.......## #....).[............


You could see a jelly and 2 orcs.

Vanquished Creatures
  A howler monkey (D:4)
  3 hounds
  An orc wizard (D:4)
  5 adders
  2 worms (D:2)
  6 orcs
  5 bats
  4 endoplasms
  2 giant cockroaches
  3 goblins
  5 hobgoblins
  7 ball pythons
  A frilled lizard (D:1)
  7 kobolds
  5 rats
57 creatures vanquished.

Notes
Turn   | Place    | Note
-------+----------+-------------------------------------------
     0 | D:1      | Okkudo the Hill Orc Monk began the quest for the Orb.
     0 | D:1      | Reached XP level 1. HP: 19/19 MP: 1/1
   298 | D:1      | Reached XP level 2. HP: 27/27 MP: 2/2
   578 | D:1      | Found a faded altar of an unknown god.
   718 | D:2      | Reached skill level 5 in Axes
   740 | D:2      | Reached XP level 3. HP: 10/33 MP: 3/3
   899 | D:2      | Found a white marble altar of Elyvilon.
  1121 | D:2      | Reached XP level 4. HP: 40/40 MP: 4/4
  1404 | D:3      | Reached skill level 6 in Axes
  1586 | D:3      | Reached skill level 1 in Armour
  2068 | D:4      | Reached XP level 5. HP: 40/46 MP: 5/5
  2082 | D:4      | Reached skill level 7 in Axes
  2133 | D:4      | Identified the +0 ring mail of the Clam {rElec rC- Will-
                  | Int+7}
  2156 | D:4      | Reached XP level 6. HP: 42/52 MP: 6/6
  2370 | D:4      | Splashed by a jelly's acid

Illustrated notes

Levels and vault maps discovered:
D:1:      roderic_dead_forest, layout_basic, chequers_ecumenical_altar_lobes
D:2:      layout_rooms, basic_altar, dreamdust_wishing_well
D:3:      layout_loops_ring
D:4:      layout_rooms, mainiacjoe_overflow_alcove_2, serial_shops, shop

Skill      XL: |  1  2  3  4  5 |
---------------+----------------+-----
Axes           | 5 6 7 |  7.8
Armour         | 1 2 |  2.8
Fighting       | |  3.7
Dodging        | |  2.5

Action                     |  1- 3 |  4- 6 || total
---------------------------+-------+-------++-------
  Melee: Hand axe          |    76 |    99 ||   175
    Use: Scroll            |       |     2 ||     2
         Potion            |       |     2 ||     2
 Armour: Robe              |     8 |       ||     8
         Plate armour      |    10 |    71 ||    81
  Dodge: Dodged            |    43 |    32 ||    75
